 Dungeon Crawl Stone Soup version 0.28.0-45-g0d030f2227 (webtiles) character file.

Game seed: 8886194757300653868

12367 101zpm the Thaumaturge (level 12, 0/74 HPs)
             Began as a Djinni Ice Elementalist on Apr 13, 2022.
             Slain by a white ugly thing (7 damage)
             ... on level 13 of the Dungeon.
             The game lasted 01:45:58 (18513 turns).

101zpm the Thaumaturge (Djinni Ice Elementalist)   Turns: 18513, Time: 01:45:59

Health: 0/74       AC: 22    Str: 10    XL:     12   Next: 19%
Gold:   534        EV: 14    Int: 22    God:
                   SH:  5    Dex: 14

rFire   + + .      SeeInvis .   b - +1 dagger (speed)
rCold   . . .      Faith    .   d - +0 buckler
rNeg    . . .      Spirit   .   X - +0 robe {Will+}
rPois   ∞          Reflect  .   q - +2 helmet
rElec   .          Harm     .   C - +2 cloak {Stlth+}
rCorr   .          Rampage  .   (no gloves)
Will    +++..                   (boots unavailable)
Stlth   ++++......              i - amulet of regeneration
HPRegen 1.02/turn               h - ring "Jyicudapp" {rC+ Will+ Str+3}
MPRegen 0.00/turn               P - +4 ring of protection

@: ice-armoured, freezing walls, flying
A: sickness immunity, fire resistance 2, cold vulnerability 1, float, innate
caster, HP casting, extra vitality 1
a: no special abilities


You were on level 13 of the Dungeon.
You visited 2 branches of the dungeon, and saw 14 of its levels.

You collected 639 gold pieces.
You spent 105 gold pieces at shops.

Inventory:

Hand Weapons
 a - a +2 flail of protection
 b - a +1 dagger of speed (weapon)
 m - the +3 falchion of Majestic Courage {holy, rC- Str+10}
   (You found it on level 3 of the Dungeon)

   It has been blessed by the Shining One to cause great damage to the undead
   and demons.
   Str:       It affects your strength (+10).
   rC:        It makes you vulnerable to cold.
 J - a +2 scimitar of flaming
Missiles
 c - 272 stones
 l - 4 silver boomerangs (quivered)
 s - 24 poisoned darts
 t - 196 arrows
 v - 36 bolts
 E - 72 sling bullets
 Q - 4 throwing nets
Armour
 d - a +0 buckler (worn)
 q - a +2 helmet (worn)
 C - a +2 cloak of stealth (worn)
 X - a +0 robe of willpower (worn)
Jewellery
 h - the ring "Jyicudapp" (left hand) {rC+ Will+ Str+3}
   (You acquired it on level 11 of the Dungeon)

   [ring of protection from cold]

   Str:       It affects your strength (+3).
   rC:        It protects you from cold.
   Will:      It increases your willpower.
 i - an amulet of regeneration (around neck)
 p - a +6 ring of intelligence
 I - a +6 ring of intelligence
 M - a ring of see invisible
 P - a +4 ring of protection (right hand)
Wands
 f - a wand of acid (10)
 y - a wand of paralysis (9)
 H - a wand of digging (1)
 K - a wand of iceblast (8)
 N - a wand of flame (54)
 R - a wand of mindburst (14)
Scrolls
 g - 2 scrolls of identify
 j - a scroll of magic mapping
 o - a scroll of torment {unknown}
 x - 3 scrolls of summoning
 A - 3 scrolls of blinking
 B - a scroll of silence {unknown}
 S - a scroll of enchant armour {unknown}
 T - a scroll of fear {unknown}
 V - 4 scrolls of teleportation {unknown}
 Z - a scroll of holy word {unknown}
Potions
 e - 2 potions of brilliance
 k - a potion of cancellation {unknown}
 n - a potion of curing {unknown}
 r - 2 potions of might
 u - a potion of flight {unknown}
 w - 3 potions of haste
 z - a potion of invisibility {unknown}
 D - a potion of berserk rage {unknown}
 F - a potion of resistance
 L - a potion of attraction {unknown}
 O - a potion of heal wounds {unknown}


   Skills:
 + Level 2.1 Fighting
 + Level 1.1 Short Blades
 + Level 5.8 Dodging
 + Level 5.2 Stealth
 + Level 3.2 Shields
 + Level 13.2 Spellcasting
 + Level 0.1 Evocations


You had 12 spell levels left.
You knew the following spells:

 Your Spells              Type           Power      Damage    Failure   Level
a - Freeze                Ice            100%       1d11      1%          1
b - Frozen Ramparts       Ice            100%       1d12      1%          3
c - Ozocubu's Armour      Ice            64%        N/A       1%          3
d - Hailstorm             Conj/Ice       64%        3d14      1%          4
e - Sandblast             Erth           100%       2d20      1%          1
f - Static Discharge      Conj/Air       64%        N/A       1%          2
g - Ignite Poison         Fire/Tmut/Pois 64%        N/A       1%          3
h - Sticky Flame          Conj/Fire      64%        2d8       1%          4
i - Animate Armour        Summ/Erth      100%       N/A       1%          4
Your spell library was empty.

Dungeon Overview and Level Annotations

Branches:
Dungeon (13/15)            Temple (1/1) D:6
   Lair: D:8-11         Orc: D:9-12      Vaults: D:13-14

Altars:
Ashenzari
Cheibriados
Dithmenos
Elyvilon
Fedhas
Gozag
Hepliaklqana
Makhleb
Nemelex Xobeh
Okawaru
Qazlal
Ru
Sif Muna
Trog
Uskayaw
Vehumet
Wu Jian
Xom
Yredelemnul
Zin

Shops:
D:6 *   D:10 (

Annotations:
D:9 2 transporters, exclusion: orange crystal statue
D:12 Josephine


Innate Abilities, Weirdness & Mutations

You are immune to sickness and miasma.
You are immune to poison.
Your flesh is very heat resistant. (rF++)
You are vulnerable to cold. (rC-)
You float through the air rather than walking.
You learn spells naturally, not from books.
Your magical power is your life essence.
You have superior vitality. (+4 MHP)


Message History

Aiming: Sticky Flame (safe; 1% risk of failure)
Press: ? - help, Shift-Dir - straight line, f - white ugly thing
Aim: a white ugly thing (lightly wounded, ally target, 100% to hit)
The sticky flame hits the white ugly thing.
The white ugly thing is lightly wounded.
The white ugly thing is covered in liquid flames!
The white ugly thing burns!
The white ugly thing resists.
The wall freezes the white ugly thing.
The white ugly thing tail-slaps you but does no damage.
Casting: Sticky Flame (safe; 1% risk of failure)
Confirm with . or Enter, or press ? or * to list all spells.
A film of ice covers your body!
The white ugly thing burns!
The white ugly thing resists.
The wall freezes the white ugly thing.
The white ugly thing closely misses you.
Your animated robe hits the white ugly thing.
Your animated robe barely misses the white ugly thing.
Casting: Ozocubu's Armour (safe; 1% risk of failure)
Confirm with . or Enter, or press ? or * to list all spells.
Aiming: Freeze (safe; 1% risk of failure)
Press: ? - help, Shift-Dir - straight line, f/p - white ugly thing
Aim: a white ugly thing (heavily wounded, covered in liquid flames, ally target)
You freeze the white ugly thing.
The white ugly thing resists.
The white ugly thing is heavily wounded.
The white ugly thing burns!
The white ugly thing resists.
The wall freezes the white ugly thing.
The white ugly thing tail-slaps you!
* * * LOW HITPOINT WARNING * * *
The white ugly thing freezes you!
* * * LOW HITPOINT WARNING * * *
Your animated robe completely misses the white ugly thing.
Your animated robe hits the white ugly thing.
Okay, then.
Unknown command.
Blink to where?
Press: ? - help, Dir - move target, p - white ugly thing
Okay, then.
You hit the white ugly thing.
The white ugly thing is severely wounded.
The white ugly thing burns!
The white ugly thing resists.
The wall freezes the white ugly thing.
The white ugly thing tail-slaps you!
You die...

######
#....#
#....#
#...[######
#..<.u@...#
#....####..#
........# .#
####....#
#....#
#.....
####.# #..


You could see a white ugly thing (burning, ally target) and a friendly animated
robe (summoned).

Vanquished Creatures
  Erolcha (D:10)
  2 two-headed ogres
  A gargoyle (D:10)
  Maggie (D:7)
  3 unseen horrors
  A kobold demonologist (D:6)
  3 trolls
  2 slime creatures (D:12)
  3 shadows
  A wraith (D:11)
  3 yaks (D:8)
  A fire elemental (D:11)
  A vampire (D:9)
  A steam dragon (D:8)
  6 vampire mosquitoes
  2 water moccasins
  2 black bears
  8 orc warriors
  A wolf (D:8)
  A necrophage (D:5)
  6 centaurs
  2 ogres (D:11)
  A phantom (D:4)
  3 kobold brigands
  3 bullfrogs
  A gnoll sergeant (D:12)
  2 scorpions
  A water moccasin zombie (D:5)
  A water moccasin skeleton (D:6)
  17 killer bees
  3 wights (D:8)
  A howler monkey (D:8)
  2 centaur zombies
  2 jellies
  8 hounds
  Crazy Yiuf (D:4)
  6 orc priests
  3 centaur skeletons
  3 gnoll shamans (D:11)
  2 bullfrog skeletons (D:6)
  An iguana (D:6)
  2 scorpion zombies (D:5)
  5 orc wizards
  2 killer bee zombies
  A hound skeleton (D:4)
  A hound zombie (D:5)
  18 gnolls
  10 adders
  A shadow imp (D:7)
  4 white imps
  An ufetubus (D:6)
  A dart slug (D:2)
  31 orcs
  8 endoplasms
  2 giant cockroaches (D:1)
  3 goblins
  6 hobgoblins
  4 jackals (D:1)
  6 quokkas
  7 ball pythons
  5 bats
  A frilled lizard (D:1)
  6 kobolds
  6 rats
244 creatures vanquished.

Vanquished Creatures (collateral kills)
  A centaur zombie (D:11)
  A vampire mosquito (D:12)
2 creatures vanquished.

Vanquished Creatures (others)
  7 plants
7 creatures vanquished.

Grand Total: 253 creatures vanquished

Notes
Turn   | Place    | Note
-------+----------+-------------------------------------------
     0 | D:1      | 101zpm the Djinni Ice Elementalist began the quest for the
                  | Orb.
     0 | D:1      | Reached XP level 1. HP: 15/15 MP: 0/0
   324 | D:1      | Reached XP level 2. HP: 17/21 MP: 0/0
   869 | D:2      | Reached XP level 3. HP: 21/25 MP: 0/0
   869 | D:2      | Learned a level 1 spell: Sandblast
  1279 | D:2      | Reached skill level 4 in Spellcasting
  1461 | D:2      | Reached XP level 4. HP: 23/31 MP: 0/0
  1904 | D:4      | Noticed a black bear
  1911 | D:4      | Killed a black bear
  1912 | D:4      | Reached XP level 5. HP: 34/35 MP: 0/0
  1912 | D:4      | Learned a level 2 spell: Static Discharge
  1918 | D:4      | Noticed a phantom
  2254 | D:3      | Found an iron altar of Okawaru.
  2442 | D:3      | Reached skill level 5 in Spellcasting
  2442 | D:3      | Reached XP level 6. HP: 38/40 MP: 0/0
  2994 | D:3      | Identified the +3 falchion of Majestic Courage {holy, rC-
                  | Str+10}
  3568 | D:1      | You are sucked into a shaft and drop 1 floor!
  4036 | D:4      | Found a runed translucent door.
  4037 | D:4      | Noticed Crazy Yiuf
  4337 | D:4      | Reached XP level 7. HP: 36/46 MP: 0/0
  4337 | D:4      | Learned a level 3 spell: Ignite Poison
  4354 | D:4      | Identified the -6 helmet "Koapn" {rCorr Str+3 Int+2}
  4386 | D:4      | Reached skill level 6 in Spellcasting
  4714 | D:4      | Found a broken altar of Ashenzari.
  4716 | D:4      | Found a snail-covered altar of Cheibriados.
  5165 | D:4      | Found a basalt altar of Yredelemnul.
  5322 | D:4      | Killed Crazy Yiuf
  5323 | D:4      | Reached skill level 1 in Short Blades
  5393 | D:5      | Entered Level 5 of the Dungeon
  5784 | D:5      | Reached skill level 1 in Fighting
  5930 | D:5      | Reached XP level 8. HP: 41/52 MP: 0/0
  6672 | D:6      | Found a shadowy altar of Dithmenos.
  6702 | D:6      | Found Tepnuv's Assorted Antiques.
  6757 | D:6      | Reached skill level 7 in Spellcasting
  6945 | D:7      | Noticed Maggie
  6953 | D:7      | Killed Maggie
  7097 | D:7      | Noticed a shadow
  7105 | D:7      | Killed a shadow
  7106 | D:7      | Reached XP level 9. HP: 50/57 MP: 0/0
  7106 | D:7      | Learned a level 4 spell: Sticky Flame
  7141 | D:7      | Reached skill level 1 in Shields
  7141 | D:7      | Reached skill level 8 in Spellcasting
  7569 | D:8      | Noticed a troll
  7611 | D:8      | Killed a troll
  7725 | D:8      | Reached skill level 9 in Spellcasting
  7737 | D:8      | Reached XP level 10. HP: 41/63 MP: 0/0
  8058 | D:8      | Found a burning altar of Makhleb.
  8081 | D:8      | Reached skill level 5 in Dodging
  8650 | D:6      | Found a sparkling altar of Nemelex Xobeh.
  8797 | D:6      | Reached skill level 10 in Spellcasting
  8822 | D:6      | Found a staircase to the Ecumenical Temple.
  8873 | Temple   | Entered the Ecumenical Temple
  9260 | D:6      | Noticed a kobold demonologist
  9263 | D:6      | Noticed an ice devil
  9269 | D:6      | Killed an unseen horror
  9273 | D:6      | Killed a kobold demonologist
 10138 | D:6      | Bought a scroll labelled RESUNNOGINO for 27 gold pieces
 10138 | D:6      | Bought a scroll labelled FADWEUWK HIEBB for 27 gold pieces
 10138 | D:6      | Bought a scroll labelled BOIBORUVVU for 27 gold pieces
 10138 | D:6      | Bought a murky sapphire potion for 24 gold pieces
 10269 | D:3      | Identified a scroll of acquirement
 10678 | D:9      | Noticed a cyclops
 10679 | D:9      | Found a white marble altar of Elyvilon.
 10679 | D:9      | Found a transporter.
 10679 | D:9      | Noticed a fire giant
 10679 | D:9      | Noticed a boulder beetle
 10821 | D:9      | Noticed a two-headed ogre
 10833 | D:9      | Killed a two-headed ogre
 10834 | D:9      | Reached skill level 11 in Spellcasting
 10834 | D:9      | Reached XP level 11. HP: 36/68 MP: 0/0
 10834 | D:9      | Learned a level 4 spell: Animate Armour
 10914 | D:9      | Noticed an orange crystal statue
 11439 | D:9      | Found a transporter.
 12146 | D:10     | Entered Level 10 of the Dungeon
 12146 | D:10     | Found Ygyopo's Weapon Boutique.
 12488 | D:10     | Noticed a two-headed ogre
 12495 | D:10     | Killed a two-headed ogre
 12596 | D:10     | Found an ornate altar of the Wu Jian Council.
 12659 | D:10     | Noticed Erolcha
 12669 | D:10     | Killed Erolcha
 12670 | D:10     | Reached skill level 12 in Spellcasting
 12735 | D:10     | Identified the +0 kite shield of Complete Protection {Harm
                  | rC- Int+3 Stlth+}
 15702 | D:11     | Reached skill level 5 in Stealth
 16354 | D:11     | Acquired the ring "Jyicudapp" {rC+ Will+ Str+3}
 16448 | D:12     | Noticed Josephine
 16509 | D:12     | Reached XP level 12. HP: 67/74 MP: 0/0
 17401 | D:12     | Reached skill level 13 in Spellcasting
 17816 | D:12     | Noticed a boulder beetle
 17898 | D:12     | Noticed a centaur warrior
 18513 | D:13     | Slain by a white ugly thing

Illustrated notes

Levels and vault maps discovered:
D:1:      scummos_arrival_checkerplants, layout_loops_cross
D:2:      layout_loops_corners
D:3:      layout_loops_corners, okawaru_gym_becter
D:4:      layout_rooms, nicolae_overflow_hidden_temple, uniq_crazy_yiuf_cottage
D:5:      layout_cave_pods, kennysheep_mini
D:6:      layout_loops_ring, mainiacjoe_overflow_alcove_2,
          mainiacjoe_overflow_concentric_impassable, temple_pool_b,
          serial_shops, nicolae_shop_overgrown_old_shop, minmay_divided_ellipse
D:7:      layout_basic, vehumet_altar_wand_db, minmay_quadrilaterals,
          uniq_maggie
D:8:      layout_rooms, mainiacjoe_overflow_boulevard, erik_lair_island,
          minmay_small_thing
D:9:      layout_roguey, gammafunk_temple_overflow_arena, grunt_decor_fettered,
          minmay_statue_bubble
D:10:     layout_loops_ring, nicolae_wu_jian_immortal_techniques, serial_shops,
          shop, uniq_erolcha
D:11:     kennysheep_seaside_town, layout_grid_maze,
          kennysheep_decorative_pillar
D:12:     layout_long_grid, orc_0_dummy, minmay_tree_intersection,
          uniq_josephine
D:13:     layout_rooms, trog_three_pillars_becter
Temple:   nicolae_temple_figure_zero

Skill      XL: |  1  2  3  4  5  6  7  8  9 10 11 12 |
---------------+-------------------------------------+-----
Spellcasting   | 4 5 6 7 9 11 12 13 | 13.2
Stealth        | 2 3 4 5 |  5.2
Dodging        | 3 4 5 |  5.8
Short Blades   | 1 |  1.1
Fighting       | 1 2 |  2.1
Shields        | 1 2 3 |  3.2
Evocations     | |  0.1

Action                   |  1- 3 |  4- 6 |  7- 9 | 10-12 || total
-------------------------+-------+-------+-------+-------++-------
Melee: Unarmed           |     1 |       |       |       ||     1
       Dagger            |       |     8 |       |     9 ||    17
Throw: Boomerang         |       |       |       |     1 ||     1
 Cast: Freeze            |    43 |    44 |     8 |     9 ||   104
       Frozen Ramparts   |     2 |     4 |    33 |    81 ||   120
       Ozocubu's Armour  |       |     1 |       |    22 ||    23
       Sandblast         |       |    14 |     2 |    12 ||    28
       Static Discharge  |       |       |    64 |    78 ||   142
       Sticky Flame      |       |       |     2 |    38 ||    40
       Animate Armour    |       |       |       |    30 ||    30
       Hailstorm         |       |       |       |     4 ||     4
Evoke: Wand              |       |     2 |       |       ||     2
  Use: Scroll            |       |       |       |    14 ||    14
Armor: Robe              |     6 |    15 |    15 |    73 ||   109
Dodge: Dodged            |    25 |    35 |    33 |   105 ||   198
Block: Buckler           |     1 |     7 |    11 |    35 ||    54
